 Dungeon Crawl Stone Soup version 0.31-a0-234-gad7ace16ef (webtiles) character file.

Game seed: 4807669700704228371

8 British0li the Sneak (level 2, 0/24 HPs)
             Began as a Demonspawn Delver on July 10, 2023.
             Slain by a hound zombie (4 damage)
             ... in an ossuary.
             The game lasted 00:00:25 (62 turns).

British0li the Sneak (Demonspawn Delver)              Turns: 62, Time: 00:00:25

Health: 0/24       AC:  3    Str: 12    XL:     2   Next: 0%
Magic:  2/2        EV: 12    Int: 13    God:
Gold:   0          SH:  0    Dex: 14    Spells: 1/1 levels left

rFire   . . .        a - +0 falchion
rCold   . . .        (no shield)
rNeg    . . .        b - +0 leather armour
rPois   .            (no helmet)
rElec   .            (no cloak)
rCorr   .            (no gloves)
SInv    .            (no boots)
Will    .....        (no amulet)
Stlth   +++          (no ring)
HPRegen 0.24/turn    (no ring)
MPRegen 0.08/turn

%: no passive effects
@: hasted, very quick
A: big brain 1
a: no special abilities


You were in an ossuary.
You visited 1 branch of the dungeon, and saw 1 of its levels.
You also visited: Ossuary.

Inventory:

Hand Weapons
 a - a +0 falchion (weapon)
Armour
 b - a +0 leather armour (worn)
Wands
 g - a wand of digging (3)
Scrolls
 c - a scroll of fog
 d - a scroll of revelation
 e - a scroll of fear


   Skills:
 + Level 3.1 Fighting
 + Level 2.0 Long Blades
 + Level 2.0 Dodging
 + Level 4.6 Stealth


You had one spell level left.
You didn't know any spells.
Your spell library was empty.

Dungeon Overview and Level Annotations

Branches:
Dungeon (5/15)            Ossuary (1/1)
 Temple: D:4-7

Altars:


Innate Abilities, Weirdness & Mutations

You have an unusually large brain. (Int +2)


Message History

You hit the hound zombie.
The hound zombie is lightly damaged.
The hound zombie bites you.
You feel yourself speed up. The hound zombie barely misses you.
The hound zombie closely misses you.
You hit the rat zombie.
The rat zombie is moderately damaged.
The rat zombie closely misses you.
The hound zombie bites you but does no damage.
You completely miss the rat zombie.
The rat zombie is moderately damaged.
The hound zombie bites you.
* * * LOW HITPOINT WARNING * * *
The rat zombie barely misses you.
You hit the rat zombie.
The rat zombie is severely damaged.
The hound zombie bites you.
* * * LOW HITPOINT WARNING * * *
You hit the rat zombie.
You destroy the rat zombie!
The hound zombie barely misses you.
Your Long Blades skill increases to level 2!
Your Dodging skill increases to level 2!
You have reached level 2!
Your demonic ancestry asserts itself...
Your brain expands.
You barely miss the hound zombie.
The hound zombie is lightly damaged.
The hound zombie bites you.
* * * LOW HITPOINT WARNING * * *
You slash the hound zombie!
The hound zombie is heavily damaged.
The hound zombie bites you but does no damage.
You slash the hound zombie!
The hound zombie is severely damaged.
The hound zombie misses you.
You hit the hound zombie but do no damage.
The hound zombie is severely damaged.
The hound zombie bites you.
You die...

##################
#.................
#.................
#....#+#@.....##
#...## ##Z...##
#...# #....# #...#
#....# #..##
##..## #..# #Z.#
#∩.# #..# #..#
#..# #..# #..#


You could see a hound zombie and a gnoll zombie.

Vanquished Creatures
  An adder zombie (Ossuary)
  A goblin zombie (Ossuary)
  2 hobgoblin zombies (Ossuary)
  A kobold zombie (Ossuary)
  An orc zombie (Ossuary)
  A quokka zombie (Ossuary)
  A rat zombie (Ossuary)
8 creatures vanquished.

Notes
Turn   | Place    | Note
-------+----------+-------------------------------------------
     0 | D:5      | British0li the Demonspawn Delver began the quest for the
                  | Orb.
     0 | D:5      | Reached XP level 1. HP: 18/18 MP: 1/1
     6 | D:5      | Found a sand-covered staircase.
    11 | Ossuary  | Entered an ossuary
    59 | Ossuary  | Gained mutation: You have an unusually large brain. (Int
                  | +2) [demonic ancestry]
    59 | Ossuary  | Reached XP level 2. HP: 4/24 MP: 2/2
    62 | Ossuary  | Slain by a hound zombie

Illustrated notes

Levels and vault maps discovered:
D:5:      layout_basic, riverfiend_overflow_shadow_ancestor,
          nemelex_diamond_rough_becter, enter_ossuary_2, serial_bayou_ford_a,
          uniq_blork_the_orc
Ossuary:  minmay_ossuary_two_tombs

Skill      XL: |  1 |
---------------+----+-----
Long Blades    | 2 |  2.0
Dodging        | 2 |  2.0
Fighting       | |  3.1
Stealth        | |  4.6

Action                     || total
---------------------------++-------
  Melee: Falchion          ||    34
         Punch             ||     1
    Use: Potion            ||     1
 Armour: Leather armour    ||    13
  Dodge: Dodged            ||    24

Table legend: (Time is in decaauts)
 A = Elapsed time spent in this place.
 B = Non-inter-level travel time spent in this place.
 C = Inter-level travel time spent in this place.
 D = Time resting spent in this place.
 E = Time spent auto-exploring this place.
 F = Levels seen in this place.
 G = Mean time per level.
                   A        B        C        D        E       F      G
               +--------+--------+--------+--------+--------+-----+--------+
         Total |     65 |     65 |      0 |      0 |      5 |   2 |   32.5 |
       Dungeon |     11 |     11 |      0 |      0 |      0 |   1 |   11.0 |
       Ossuary |     54 |     54 |      0 |      0 |      5 |   1 |   54.0 |
               +--------+--------+--------+--------+--------+-----+--------+

Top non-repeatable levels by time:
 Ossuary: 54 daAuts
     D:5: 11 daAuts
